 Dungeon Crawl Stone Soup version 0.27-a0-1590-g15f69828bf (webtiles) character file.

Game seed: 3733787696723183396

7330 dolemite99 the Protected (level 10, -8/87 HPs)
             Began as a Minotaur Fighter on July 18, 2021.
             Was a Follower of Hepliaklqana.
             Mangled by a death yak (18 damage)
             ... on level 10 of the Dungeon.
             The game lasted 00:10:51 (13017 turns).

dolemite99 the Protected (Minotaur Fighter)        Turns: 13017, Time: 00:10:52

Health: -8/87      AC: 16    Str: 24    XL:     10   Next: 90%
Magic:  18/18      EV:  5    Int:  5    God:    Hepliaklqana [*.....]
Gold:   1178       SH: 10    Dex: 10    Spells: 9/9 levels left

rFire    . . .     SeeInvis .   f - +0 short sword (venom)
rCold    . . .     Faith    .   c - +1 kite shield
rNeg     . . .     Spirit   .   B - +1 plate armour
rPois    .         Reflect  .   (helmet restricted)
rElec    .         Harm     .   (no cloak)
rCorr    .         Rampage  .   (no gloves)
Will     .....                  (no boots)
Stlth    ..........             (no amulet)
HPRegen  0.24/turn              b - ring of magical power
MPRegen  0.16/turn              (no ring)

@: no status effects
A: reduced essence, horns 2, retaliatory headbutt
a: Renounce Religion, Recall Ancestor, Ancestor Identity


You were on level 10 of the Dungeon.
You worshipped Hepliaklqana.
Hepliaklqana was aware of your devotion.
You visited 2 branches of the dungeon, and saw 11 of its levels.

You collected 1178 gold pieces.

Inventory:

Hand Weapons
 a - a +1 flail
 f - a +0 short sword of venom (weapon)
 i - a +0 shortbow
 l - a +0 falchion
 x - a +2 hand axe of venom
 z - a +0 hand crossbow
 D - a +0 shortbow
 E - a +2 dagger of flaming
 K - a +0 hunting sling
Missiles
 g - 123 arrows
 h - 2 throwing nets
 o - 16 poisoned darts (quivered)
 s - 11 atropa-tipped darts
 v - 13 boomerangs
 A - 126 bolts
 H - 221 stones
Armour
 c - a +1 kite shield (worn)
 B - a +1 plate armour (worn)
Magical Staves
 d - a staff of earth
Jewellery
 b - a ring of magical power (left hand)
 j - a ring of fire
 p - an amulet of regeneration
Wands
 u - a wand of acid (16)
 C - a wand of flame (76)
Scrolls
 k - 3 scrolls of magic mapping
 n - 6 scrolls of amnesia
 q - 3 scrolls of teleportation
 t - a scroll of blinking
 y - a scroll of fear
Potions
 e - 2 potions of magic {unknown}
 m - 5 potions of flight
 r - a potion of curing
 w - 2 potions of berserk rage {unknown}
 F - a potion of ambrosia {unknown}
 G - a potion of invisibility {unknown}
 I - 2 potions of degeneration {unknown}
 J - a potion of attraction {unknown}
 L - 2 potions of brilliance {unknown}


   Skills:
 - Level 12.0 Fighting
 - Level 9.7 Short Blades
 - Level 2.5 Maces & Flails
 + Level 12.5 Armour
 - Level 3.7 Shields


You had 9 spell levels left.
You didn't know any spells.
Your spell library contained the following spells:

 Spells                   Type           Power      Damage    Failure   Level
 Static Discharge         Conj/Air       0%         N/A       100%        2
 Dispel Undead            Necr           0%         3d6       100%        4
 Sticky Flame             Conj/Fire      0%         2d3       100%        4
 Alistair's Intoxication  Tmut/Pois      0%         N/A       100%        5
 Borgnjor's Vile Clutch   Necr/Erth      0%         N/A       100%        5
 Eringya's Noxious Bog    Tmut/Pois      0%         N/A       100%        6


Dungeon Overview and Level Annotations

Branches:
Dungeon (10/15)            Temple (1/1) D:7            Lair (0/6) D:10
    Orc: D:9-12

Altars:
Ashenzari
Cheibriados
Dithmenos
Elyvilon
Fedhas
Gozag
Hepliaklqana
Kikubaaqudgha
Makhleb
Nemelex Xobeh
Okawaru
Qazlal
Sif Muna
Trog
Uskayaw
Vehumet
Wu Jian
Xom
Yredelemnul
Zin
The Shining One

Shops:
D:6 :


Innate Abilities, Weirdness & Mutations

Your life essence is reduced to manifest your ancestor. (-10% HP)
You have a pair of horns on your head.
You reflexively headbutt those who attack you in melee.


Message History

The death yak looks as sick as possible!
You headbutt the death yak, but do no damage.
The death yak is moderately wounded.
The death yak gores you but does no damage.
You hit the death yak but do no damage.
The death yak looks as sick as possible!
The death yak is moderately wounded.
You hit the death yak but do no damage.
The death yak looks as sick as possible!
The death yak is moderately wounded.
The death yak gores you!
You hit the death yak.
The death yak looks as sick as possible!
You headbutt the death yak!
The death yak is moderately wounded.
The death yak gores you!
You barely miss the death yak. You headbutt the death yak!
The death yak is heavily wounded.
The death yak gores you!
* * * LOW HITPOINT WARNING * * *
You feel better. The death yak gores you!
* * * LOW HITPOINT WARNING * * *
You feel better.
The death yak snorts and paws the ground.
The death yak gores you but does no damage.
You barely miss the death yak.
You headbutt the death yak, but do no damage.
The death yak is heavily wounded.
You block the death yak's attack.
You barely miss the death yak. You headbutt the death yak.
The death yak is heavily wounded.
The death yak gores you!
* * * LOW HITPOINT WARNING * * *
You hit the death yak but do no damage.
The death yak looks as sick as possible!
The death yak is heavily wounded.
You hit the death yak but do no damage.
The death yak is heavily wounded.
The death yak gores you!!
You die...

#####################
#......................#
#....#.######..#########.#
#.#..#.# #@##..........#.#
#.#..#.# #Y##..<######.#.## ##+##
#.#..#.# #......#.# #..... ....#
#.#..#.# #†##.#.#.####.#.## ....#
#.#..#.# #.##.#........#.#
....###.#..#.###..#.###(.(...#.#
..................(..((......#.#
)....##.####.####.#.########.#.#
..................#+#.....##.#.##


You could see a death yak (extremely poisoned).

Vanquished Creatures
  Harold (D:7)
  2 death yaks
  Pikel (D:9)
  Sigmund (D:4)
  A shadow (D:10)
  11 yaks (D:9)
  2 wyverns
  A steam dragon (D:7)
  Edmund (D:4)
  A hornet zombie (D:6)
  2 ice beasts (D:6)
  2 orc warriors
  A necrophage (D:8)
  2 sky beasts
  2 centaurs
  2 ogres (D:6)
  2 lemures (D:9)
  2 kobold brigands
  Blork the orc (D:6)
  3 bullfrogs
  2 scorpions (D:6)
  A wyvern skeleton (D:6)
  A killer bee (D:10)
  2 howler monkeys (D:7)
  2 hounds
  2 centaur skeletons
  2 orc priests
  2 jellies (D:6)
  A gnoll shaman (D:9)
  2 iguanas
  Terence (D:2)
  6 orc wizards
  A hell rat (D:10)
  A howler monkey zombie (D:9)
  8 adders
  7 gnolls
  A howler monkey skeleton (D:4)
  A river rat (D:10)
  3 worms
  4 dart slugs
  28 orcs
  10 bats
  3 endoplasms
  3 hobgoblins
  14 kobolds
  A quokka (D:2)
  5 ball pythons
  2 frilled lizards (D:1)
  5 goblins
  8 rats
170 creatures vanquished.

Vanquished Creatures (collateral kills)
  2 orcs
  A quokka (D:10)
  3 rats (D:10)
6 creatures vanquished.

Vanquished Creatures (others)
  2 ancestors (D:10)
2 creatures vanquished.

Grand Total: 178 creatures vanquished

Notes
Turn   | Place    | Note
-------+----------+-------------------------------------------
     0 | D:1      | dolemite99 the Minotaur Fighter began the quest for the
                  | Orb.
     0 | D:1      | Reached XP level 1. HP: 19/19 MP: 0/0
   128 | D:1      | Reached XP level 2. HP: 27/27 MP: 1/1
   134 | D:1      | Reached skill level 1 in Short Blades
   477 | D:1      | Found a faded altar of an unknown god.
   584 | D:2      | Reached XP level 3. HP: 33/33 MP: 2/2
  1252 | D:2      | Reached XP level 4. HP: 40/40 MP: 3/3
  1618 | D:2      | Noticed Terence
  1624 | D:2      | Killed Terence
  1814 | D:3      | Found a stormy altar of Qazlal.
  1952 | D:3      | Found a hide-covered altar of Uskayaw.
  2175 | D:3      | Found an ancient bone altar of Kikubaaqudgha.
  2398 | D:4      | Reached XP level 5. HP: 45/46 MP: 4/4
  2461 | D:4      | Found a snail-covered altar of Cheibriados.
  2473 | D:4      | Reached skill level 5 in Short Blades
  2845 | D:4      | Reached XP level 6. HP: 25/52 MP: 5/5
  3261 | D:4      | Noticed a sky beast
  3273 | D:4      | Killed a sky beast
  3356 | D:4      | Noticed Sigmund
  3364 | D:4      | Killed Sigmund
  3365 | D:4      | Reached XP level 7. HP: 46/58 MP: 6/6
  3542 | D:4      | Noticed Edmund
  3557 | D:4      | Killed Edmund
  3963 | D:5      | Entered Level 5 of the Dungeon
  4471 | D:5      | Found a glowing golden altar of the Shining One.
  4473 | D:5      | Found a white marble altar of Elyvilon.
  4473 | D:5      | Found a glowing silver altar of Zin.
  4583 | D:5      | Found a blossoming altar of Fedhas.
  5731 | D:6      | Reached XP level 8. HP: 63/67 MP: 7/7
  5735 | D:6      | Reached skill level 5 in Fighting
  5962 | D:6      | Found Fawiaps's Book Boutique.
  6296 | D:6      | Noticed Blork the orc
  6306 | D:6      | Killed Blork the orc
  6307 | D:6      | Found an ornate altar of the Wu Jian Council.
  6684 | D:6      | Found a bloodstained altar of Trog.
  6990 | D:7      | Noticed Harold
  7241 | D:7      | Reached XP level 9. HP: 19/85 MP: 8/8
  7585 | D:6      | Identified a scroll of acquirement
  7585 | D:6      | Acquired 656 gold pieces
  7662 | D:7      | Reached skill level 10 in Fighting
  7792 | D:7      | Killed Harold
  8780 | D:7      | Found a staircase to the Ecumenical Temple.
  8871 | Temple   | Entered the Ecumenical Temple
  9126 | Temple   | Became a worshipper of Hepliaklqana the Forgotten
  9710 | D:8      | Reached skill level 5 in Armour
 10717 | D:9      | Noticed Pikel
 10739 | D:9      | Killed Pikel
 10740 | D:9      | Reached XP level 10. HP: 76/97 MP: 9/9
 10894 | D:9      | Found a burning altar of Makhleb.
 11109 | D:9      | Reached skill level 10 in Armour
 12300 | D:10     | Entered Level 10 of the Dungeon
 12309 | D:10     | Reached * piety under Hepliaklqana
 12529 | D:10     | Noticed a death yak
 12530 | D:10     | Noticed a death yak
 12579 | D:9      | Killed a death yak
 12889 | D:10     | Found a staircase to the Lair.
 12980 | D:10     | Noticed a death yak
 13004 | D:10     | Killed a death yak
 13017 | D:10     | Mangled by a death yak

Illustrated notes

Levels and vault maps discovered:
D:1:      dpeg_arrival_tiny_g, layout_rooms, chequers_ecumenical_altar_twisty,
          st_stairs_5, minmay_misc_feat_secret_circle
D:2:      layout_basic, minmay_misc_feat_enclosed, uniq_terence
D:3:      layout_loops_cross, mainiacjoe_overflow_chevrons,
          general_overflow_altar, mainiacjoe_overflow_boulevard
D:4:      layout_basic, slow_altar_1, hangedman_abyss_or_decor_passed,
          sigmund_edmund_badplayer
D:5:      layout_loops_corners, good_gods_temple_1,
          mainiacjoe_overflow_alcove_2, minmay_misc_feat_diagonals,
          corexii_hall_statues_deadend, nrook_uturn
D:6:      layout_loops_cross, trog_hazing_becter,
          nicolae_wu_jian_immortal_techniques, serial_shops, shop,
          grunt_ministairs_5, uniq_blork_the_orc
D:7:      layout_basic, temple_hall, minivault_10, uniq_harold
D:8:      layout_cave_pools, due_unseen_surprise
D:9:      layout_roguey, mainiacjoe_overflow_24_doors,
          chequers_serial_rivers_room_a, uniq_pikel
D:10:     layout_basic, nicolae_ru_path_of_blood, dpeg_lair_monsters
Temple:   dpeg_chambers_temple

Skill      XL: |  1  2  3  4  5  6  7  8  9 10 |
---------------+-------------------------------+-----
Short Blades   | 2 3 4 6 8 9 |  9.7
Fighting       | 4 9 12 | 12.0
Armour         | 8 12 | 12.5
Maces & Flails | |  2.5
Shields        | |  3.7

Action                   |  1- 3 |  4- 6 |  7- 9 | 10-12 || total
-------------------------+-------+-------+-------+-------++-------
Melee: Flail             |    18 |       |       |       ||    18
       Short sword       |    85 |    97 |   337 |   160 ||   679
       Headbutt          |    12 |    15 |    74 |    48 ||   149
Throw: Dart              |       |    43 |    89 |    29 ||   161
  Use: Scroll            |       |       |    13 |     1 ||    14
       Potion            |       |       |     1 |     2 ||     3
Armor: Scale mail        |    21 |       |       |       ||    21
       Chain mail        |    27 |    50 |   126 |    14 ||   217
       Plate armour      |       |       |       |    11 ||    11
Dodge: Dodged            |    27 |    14 |    58 |    17 ||   116
Block: Kite shield       |    67 |    39 |   146 |    46 ||   298

Table legend: (Time is in decaauts)
 A = Elapsed time spent in this place.
 B = Non-inter-level travel time spent in this place.
 C = Inter-level travel time spent in this place.
 D = Time resting spent in this place.
 E = Time spent auto-exploring this place.
 F = Levels seen in this place.
 G = Mean time per level.
                   A        B        C        D        E       F      G
               +--------+--------+--------+--------+--------+-----+--------+
         Total |  13017 |  12422 |    595 |   4675 |   5890 |  11 | 1183.4 |
       Dungeon |  12734 |  12213 |    521 |   4675 |   5690 |  10 | 1273.4 |
        Temple |    282 |    208 |     74 |      0 |    200 |   1 |  282.0 |
               +--------+--------+--------+--------+--------+-----+--------+

Top non-repeatable levels by time:
     D:6: 2473 daAuts
     D:9: 2336 daAuts
     D:7: 1759 daAuts
     D:4: 1580 daAuts
     D:2: 1257 daAuts
     D:5: 1021 daAuts
     D:8: 673 daAuts
     D:3: 614 daAuts
     D:1: 552 daAuts
    D:10: 465 daAuts
  Temple: 282 daAuts
